 Dungeon Sprint DCSS version 0.29-a0-409-gd843f3a48c (webtiles) character file.

Game seed: 4827612141298642482

3800000 Zeld the Intangible (level 23, -20/201 HPs)
             Began as a Djinni Monk on May 14, 2022.
             Was the Champion of Makhleb.
             Demolished by a sculptor of flesh
             ... wielding a +9 great sword
              (221 damage)
             ... in the Dungeon (Sprint VIII: "Arena of Blood").
             The game lasted 00:01:27 (38 turns).

Zeld the Intangible (Djinni Monk)                     Turns: 38, Time: 00:01:28

Health: -20/201    AC:  3    Str: 18    XL:     23   Next: 62%
Gold:   0          EV: 29    Int: 14    God:    Makhleb [******] SH:  0 Dex: 17

rFire   + + .      SeeInvis .   h - +∞ Axe of Woe
rCold   x . .      Faith    .   (shield currently unavailable)
rNeg    . . .      Spirit   .   a - +0 robe
rPois   ∞          Reflect  .   (no helmet)
rElec   .          Harm     .   (no cloak)
rCorr   .          Rampage  .   (no gloves)
Will    ++...      NoTele   +   (boots unavailable)
Stlth   ++++++++++              (no amulet)
HPRegen 0.43/turn               (no ring)
MPRegen 0.00/turn               (no ring)

@: flying
A: sickness immunity, fire resistance 2, cold vulnerability 1, float, innate
caster, HP casting, extra vitality 1
a: Renounce Religion, Minor Destruction, Lesser Servant of Makhleb, Major
Destruction, Greater Servant of Makhleb


You were in the Dungeon.
You worshipped Makhleb.
Makhleb was exalted by your worship.
You visited 1 branch

Inventory:

Hand Weapons
 h - the +∞ Axe of Woe (weapon)
   (You found it in the Dungeon)
Armour
 a - a +0 robe (worn)
Scrolls
 g - a scroll of blinking
Potions
 b - a potion of ambrosia
 c - a potion of curing
 d - a potion of heal wounds
 e - a potion of haste
 f - a potion of berserk rage


   Skills:
 O Level 27 Fighting
 + Level 13.4(15.7) Short Blades
 + Level 13.4(15.7) Long Blades
 O Level 27 Axes
 + Level 12.4(22.4) Maces & Flails
 + Level 12.4(22.4) Polearms
 + Level 13.4(17.7) Staves
 + Level 12.4(14.5) Slings
 + Level 12.4 Bows
 + Level 12.4 Crossbows
 + Level 12.4(14.5) Throwing
 + Level 13.7 Armour
 O Level 27 Dodging
 O Level 27 Stealth
 + Level 13.7 Shields
 O Level 27 Unarmed Combat
 O Level 27 Spellcasting
 + Level 13.7 Invocations
 + Level 13.7 Evocations


You had 24 spell levels left.
You knew the following spells:

 Your Spells              Type           Power      Damage    Failure   Level
a - Sandblast             Erth           100%       2d20      0%          1
b - Blink                 Tloc           100%       N/A       0%          2
c - Ozocubu's Armour      Ice            76%        N/A       0%          3
d - Frozen Ramparts       Ice            100%       1d12      0%          3
e - Sticky Flame          Conj/Fire      76%        2d9       0%          4
f - Metabolic Englaciati  Hex/Ice        38%        N/A       0%          5
g - Statue Form           Tmut/Erth      50%        N/A       0%          6
h - Conjure Ball Lightni  Conj/Air       38%        3x3d12    0%          6
i - Summon Cactus Giant   Summ           38%        N/A       0%          6
j - Maxwell's Capacitive  Air            38%        ∞         1%          8
k - Necromutation         Tmut/Necr      38%        N/A       1%          8
Your spell library was empty.

Dungeon Overview and Level Annotations

Branches:
Dungeon (1/1)

Altars:
Makhleb

Annotations:
D The Servant


Innate Abilities, Weirdness & Mutations

You are immune to sickness and miasma.
You are immune to poison.
Your flesh is very heat resistant. (rF++)
You are vulnerable to cold. (rC-)
You float through the air rather than walking.
You learn spells naturally, not from books.
Your magical power is your life essence.
You have superior vitality. (+4 MHP)


Message History

Your base Staves skill increases to level 12!
Your base Slings skill increases to level 11!
Your Bows skill increases to level 11!
Your Crossbows skill increases to level 11!
Your base Throwing skill increases to level 11!
Your Armour skill gained 2 levels and is now at level 13!
Your Shields skill gained 2 levels and is now at level 13!
Your Invocations skill gained 2 levels and is now at level 13!
Your Evocations skill gained 2 levels and is now at level 13!
You have reached level 23!
The power to cast Necromutation wells up from within.
Spell assigned to 'k'.
You slash the bag of meat!
You slaughter the bag of meat joyfully.
You kill the bag of meat!
Makhleb accepts your kill.
You slice the bag of meat!!
You dissect the bag of meat like a pig carcass.
You kill the bag of meat!
Makhleb accepts your kill.
You hear two shouts!
You hear a shout! x3
The meat berserker rages.
You hear a shout! x3
A destroyer comes into view. It is wielding a +9 vorpal great sword.
You hear a shout!
Your base Short Blades skill increases to level 13!
Your base Long Blades skill increases to level 13!
Your base Maces & Flails skill increases to level 12!
Your base Polearms skill increases to level 12!
Your base Staves skill increases to level 13!
Your base Slings skill increases to level 12!
Your Bows skill increases to level 12!
Your Crossbows skill increases to level 12!
Your base Throwing skill increases to level 12!
Unknown command.
Unknown command.
The Servant comes into view.
He is wielding a +9 glaive of flaming.
You hear a shout! x2
The sculptor of flesh hits you with a +9 great sword!!!!!
Ouch! That really hurt!
You die...

....... .. .....
#.. ....# #..
...# V@ .###..
...###...
......###oo..O...
....°._))z......
#.O○.@# . #_z°°_#
. ....#.))).#....
......)_)......
......###......
.###.. ...###.
#.. ...# #. ...#
.. ..


You could see The Servant (wandering), a destroyer, 2 sculptors of flesh, 2 meat
berserkers and 2 bags of meat.

Vanquished Creatures
  6 vampire knights (D)
  10 ogres (D)
  2 two-headed ogres (D)
  27 orcs (D)
  A skeletal warrior (D)
46 creatures vanquished.

Notes
Turn   | Place    | Note
-------+----------+-------------------------------------------
     0 | D        | Found the +∞ Axe of Woe
     0 | D        | Zeld the Djinni Monk began the quest for the Orb.
     0 | D        | Reached XP level 1. HP: 20/20 MP: 0/0
     0 | D        | Noticed a meat berserker
     2 | D        | Noticed a bag of meat
     3 | D        | Noticed a bag of meat
     4 | D        | Killed a meat berserker
     4 | D        | Noticed a bag of meat
     5 | D        | Reached XP level 2. HP: 45/45 MP: 0/0
     5 | D        | Reached XP level 3. HP: 50/50 MP: 0/0
     5 | D        | Learned a level 1 spell: Sandblast
     5 | D        | Reached XP level 4. HP: 57/57 MP: 0/0
     5 | D        | Reached XP level 5. HP: 62/62 MP: 0/0
     5 | D        | Learned a level 2 spell: Blink
     5 | D        | Reached XP level 6. HP: 69/69 MP: 0/0
     5 | D        | Reached XP level 7. HP: 75/75 MP: 0/0
     5 | D        | Learned a level 3 spell: Ozocubu's Armour
     5 | D        | Reached XP level 8. HP: 81/81 MP: 0/0
     5 | D        | Reached XP level 9. HP: 86/86 MP: 0/0
     5 | D        | Learned a level 3 spell: Frozen Ramparts
     5 | D        | Reached XP level 10. HP: 93/93 MP: 0/0
     5 | D        | Reached XP level 11. HP: 99/99 MP: 0/0
     5 | D        | Learned a level 4 spell: Sticky Flame
     5 | D        | Reached XP level 12. HP: 105/105 MP: 0/0
     5 | D        | Became a worshipper of Makhleb the Destroyer
     5 | D        | Reached * piety under Makhleb
     5 | D        | Reached ** piety under Makhleb
     6 | D        | Noticed a bag of meat
     7 | D        | Killed a bag of meat
     7 | D        | Noticed a bag of meat
     7 | D        | Noticed a bag of meat
     7 | D        | Noticed a bag of meat
     7 | D        | Noticed a bag of meat
     8 | D        | Reached XP level 13. HP: 113/113 MP: 0/0
     8 | D        | Learned a level 5 spell: Metabolic Englaciation
     8 | D        | Killed a bag of meat
     8 | D        | Noticed a meat berserker
     9 | D        | Reached skill level 5 in Axes
     9 | D        | Killed a bag of meat
     9 | D        | Noticed a bag of meat
     9 | D        | Noticed a bag of meat
     9 | D        | Noticed a bag of meat
    10 | D        | Reached XP level 14. HP: 65/125 MP: 0/0
    10 | D        | Killed a bag of meat
    10 | D        | Reached *** piety under Makhleb
    10 | D        | Killed a bag of meat
    10 | D        | Killed a bag of meat
    10 | D        | Noticed a bag of meat
    11 | D        | Reached XP level 15. HP: 137/137 MP: 0/0
    11 | D        | Learned a level 6 spell: Statue Form
    11 | D        | Killed a meat berserker
    11 | D        | Reached **** piety under Makhleb
    12 | D        | Reached skill level 10 in Axes
    12 | D        | Noticed a meat berserker
    13 | D        | Noticed a meat berserker
    15 | D        | Noticed a meat berserker
    15 | D        | Noticed a meat berserker
    15 | D        | Noticed a meat berserker
    17 | D        | Reached XP level 16. HP: 29/148 MP: 0/0
    17 | D        | Noticed a large bag of meat
    17 | D        | Killed a meat berserker
    17 | D        | Killed a meat berserker
    17 | D        | Reached ***** piety under Makhleb
    17 | D        | Killed a meat berserker
    17 | D        | Noticed a meat berserker
    18 | D        | Reached skill level 27 in Fighting
    18 | D        | Reached skill level 27 in Dodging
    18 | D        | Reached skill level 27 in Unarmed Combat
    18 | D        | Reached XP level 17. HP: 98/160 MP: 0/0
    18 | D        | Learned a level 6 spell: Conjure Ball Lightning
    18 | D        | Killed a meat berserker
    18 | D        | Noticed a large bag of meat
    19 | D        | Reached XP level 18. HP: 114/167 MP: 0/0
    19 | D        | Killed a large bag of meat
    19 | D        | Killed a meat berserker
    20 | D        | Killed a meat berserker
    21 | D        | Reached XP level 19. HP: 171/174 MP: 0/0
    21 | D        | Learned a level 6 spell: Summon Cactus Giant
    21 | D        | Noticed a meat berserker
    22 | D        | Reached ****** piety under Makhleb
    23 | D        | Reached skill level 27 in Axes
    23 | D        | Reached skill level 15 in Stealth
    23 | D        | Killed a large bag of meat
    25 | D        | Noticed a destroyer
    26 | D        | Reached XP level 20. HP: 169/181 MP: 0/0
    26 | D        | Noticed a destroyer
    27 | D        | Killed a meat berserker
    27 | D        | Noticed a destroyer
    27 | D        | Noticed a destroyer
    28 | D        | Killed a destroyer
    29 | D        | Reached skill level 27 in Spellcasting
    29 | D        | Reached XP level 21. HP: 187/187 MP: 0/0
    29 | D        | Learned a level 8 spell: Maxwell's Capacitive Coupling
    31 | D        | Reached skill level 27 in Stealth
    31 | D        | Noticed a destroyer
    31 | D        | Killed a destroyer
    31 | D        | Noticed a destroyer
    32 | D        | Reached skill level 5 in Short Blades
    32 | D        | Reached skill level 5 in Long Blades
    32 | D        | Reached skill level 5 in Staves
    32 | D        | Reached skill level 5 in Armour
    32 | D        | Reached skill level 5 in Shields
    32 | D        | Reached skill level 5 in Invocations
    32 | D        | Reached skill level 5 in Evocations
    33 | D        | Killed a destroyer
    33 | D        | Noticed a meat berserker
    33 | D        | Noticed a meat berserker
    34 | D        | Reached XP level 22. HP: 194/194 MP: 0/0
    34 | D        | Killed a destroyer
    35 | D        | Killed a meat berserker
    35 | D        | Noticed a meat berserker
    36 | D        | Reached skill level 10 in Maces & Flails
    36 | D        | Reached skill level 10 in Polearms
    36 | D        | Reached skill level 10 in Slings
    36 | D        | Reached skill level 10 in Bows
    36 | D        | Reached skill level 10 in Crossbows
    36 | D        | Reached skill level 10 in Throwing
    36 | D        | Killed a destroyer
    36 | D        | Killed a destroyer
    36 | D        | Noticed a destroyer
    37 | D        | Reached XP level 23. HP: 201/201 MP: 0/0
    37 | D        | Learned a level 8 spell: Necromutation
    37 | D        | Noticed a destroyer
    38 | D        | Noticed The Servant
    38 | D        | Demolished by a sculptor of flesh

Illustrated notes

Levels and vault maps discovered:
D:        meatsprint

Skill      XL: |  1  2  3  4  5  6  7  8  9 10 11 12 13 14 15 16 17 18 19 20 21 22 23 |
---------------+----------------------------------------------------------------------+-----
Fighting       | 16 18 20 22 24 27 | 27.0
Axes           | 3 4 6 9 12 19 21 26 27 | 27.0
Dodging        | 18 20 22 24 26 27 | 27.0
Stealth        | 6 7 8 9 11 12 14 17 24 27 | 27.0
Unarmed Combat | 17 18 20 21 23 27 | 27.0
Spellcasting   | 9 16 22 27 | 27.0
Short Blades   | 8 12 13 | 13.4
Long Blades    | 8 12 13 | 13.4
Maces & Flails | 7 11 12 | 12.4
Polearms       | 7 11 12 | 12.4
Staves         | 8 12 13 | 13.4
Slings         | 7 11 12 | 12.4
Bows           | 7 11 12 | 12.4
Crossbows      | 7 11 12 | 12.4
Throwing       | 7 11 12 | 12.4
Armour         | 8 13 | 13.7
Shields        | 8 13 | 13.7
Invocations    | 8 13 | 13.7
Evocations     | 8 13 | 13.7

Action                   |  1- 3 |  4- 6 |  7- 9 | 10-12 | 13-15 | 16-18 | 19-21 | 22-24 || total
-------------------------+-------+-------+-------+-------+-------+-------+-------+-------++-------
Melee: Executioner's axe |     1 |       |       |     1 |     6 |     4 |    10 |     4 ||    26

Table legend: (Time is in decaauts)
 A = Elapsed time spent in this place.
 B = Non-inter-level travel time spent in this place.
 C = Inter-level travel time spent in this place.
 D = Time resting spent in this place.
 E = Time spent auto-exploring this place.
 F = Levels seen in this place.
 G = Mean time per level.
                   A        B        C        D        E       F      G
               +--------+--------+--------+--------+--------+-----+--------+
         Total |     37 |     37 |      0 |      0 |      0 |   1 |   37.0 |
       Dungeon |     37 |     37 |      0 |      0 |      0 |   1 |   37.0 |
               +--------+--------+--------+--------+--------+-----+--------+

Top non-repeatable levels by time:
       D: 37 daAuts
